PAA
MINNESOTA LOONS @ ATHLETIC CLUB KC ACADEMY
09/02/2048
 
TOP OF THE 1ST
Minnesota Loons batting - Pitching for Athletic Club KC Academy : RHP Jamie Miller
Pitching: RHP Jamie Miller
Batting: RHB John Dorian 0-0: Ball
1-0: Ball
2-0: Called Strike
2-1: Ball
3-1: Foul Ball, location: 2F
3-2: Foul Ball, location: 2F
3-2: Strikes out swinging
Batting: RHB Rob Ott 0-0: Swinging Strike
0-1: Ball
1-1: Foul Ball, location: 2F
1-2: Ball
2-2: Fly out, F8 (Line Drive, 8RM, EV 97.5 MPH)
Batting: RHB Sumitomo Shimizu 0-0: Ball
1-0: Called Strike
1-1: Ball
2-1: Ball
3-1: Fly out, F7 (Flyball, 7, EV 87.5 MPH)
Top of the 1st over - 0 runs, 0 hits, 0 errors, 0 left on base; Minnesota 0 - Athletic Club KC Academy 0
BOTTOM OF THE 1ST
Athletic Club KC Academy batting - Pitching for Minnesota Loons : RHP Todd James
Pitching: RHP Todd James
Batting: RHB Levka Efremov 0-0: Ball
1-0: Ground out 6-3 (Groundball, 6, EV 103.8 MPH)
Batting: RHB Vasan Parthiban 0-0: Ball
1-0: Foul Ball, location: 2F
1-1: Ball
2-1: Ball
3-1: Foul Ball, location: 2F
3-2: Foul Ball, location: 2F
3-2: Fly out, F4 (Flyball, 34D, EV 86.2 MPH)
Batting: LHB Greg O'Day 0-0: Called Strike
0-1: Ball
1-1: Called Strike
1-2: SOLO HOME RUN (Flyball, 9LD, EV 92.5 MPH), Distance : 332 ft
Batting: RHB Ryan Conley 0-0: Ball
1-0: Ball
2-0: SINGLE (Line Drive, 9LS, EV 110.0 MPH)
Batting: RHB Julián Morcuendez 0-0: Called Strike
0-1: Fly out, F7 (Line Drive, 78M, EV 94.4 MPH)
Bottom of the 1st over - 1 run, 2 hits, 0 errors, 1 left on base; Minnesota 0 - Athletic Club KC Academy 1
TOP OF THE 2ND
Minnesota Loons batting - Pitching for Athletic Club KC Academy : RHP Jamie Miller
Batting: SHB Víctor Pagueros 0-0: Ball
1-0: Foul Ball, location: 2F
1-1: Ball
2-1: Ball
3-1: Base on Balls
Batting: SHB Carlos Blanca 0-0: Foul Ball, location: 2F
0-1: Fly out, F5 (Popup, 5F, EV 53.8 MPH)
Batting: LHB Claudio Guzmán 0-0: Hit by Pitch
Víctor Pagueros to second
Batting: RHB Jorge Pedroso 0-0: Ball
1-0: Called Strike
1-1: Foul Ball, location: 2F
1-2: SINGLE (Flyball, 34D, EV 91.2 MPH)
Víctor Pagueros to third
Claudio Guzmán to second
Batting: RHB Jason Kelly 0-0: Swinging Strike
0-1: Swinging Strike
0-2: Ball
1-2: Ball
2-2: Fly out, F7 (Flyball, 78M, EV 86.2 MPH)
Batting: LHB Steve Long 0-0: Foul Ball, location: 2F
0-1: Foul Ball, location: 2F
0-2: Ball
1-2: Fly out, F5 (Popup, 56, EV 73.1 MPH)
Top of the 2nd over - 0 runs, 1 hit, 0 errors, 3 left on base; Minnesota 0 - Athletic Club KC Academy 1
BOTTOM OF THE 2ND
Athletic Club KC Academy batting - Pitching for Minnesota Loons : RHP Todd James
Batting: LHB Motoki Yamasaki 0-0: Swinging Strike
0-1: Fly out, F7 (Line Drive, 7, EV 98.1 MPH)
Batting: RHB Alevina Ezekiela 0-0: Ball
1-0: SINGLE (Flyball, 8RS, EV 96.2 MPH)
Batting: LHB Ángel López 0-0: Called Strike
0-1: Foul Ball, location: 2F
0-2: Ball
1-2: Fly out, F8 (Flyball, 8LXD, EV 96.9 MPH)
Batting: RHB Stefano Lippi 0-0: Ball
1-0: Called Strike
1-1: Foul Ball, location: 2F
1-2: Ball
2-2: Foul Ball, location: 2F
2-2: Ball
3-2: Foul Ball, location: 2F
3-2: Strikes out swinging
Bottom of the 2nd over - 0 runs, 1 hit, 0 errors, 1 left on base; Minnesota 0 - Athletic Club KC Academy 1
TOP OF THE 3RD
Minnesota Loons batting - Pitching for Athletic Club KC Academy : RHP Jamie Miller
Batting: RHB John Dorian 0-0: Called Strike
0-1: Ball
1-1: SINGLE (Groundball, 56S, EV 73.8 MPH) (infield hit)
Pinch Runner at 1st Natanael Nesbitt:
Batting: RHB Rob Ott 0-0: Called Strike
0-1: Ball
1-1: Foul Ball, location: 2F
1-2: Ball
2-2: Foul Ball, location: 2F
2-2: Fly out, F7 (Line Drive, 7, EV 90.6 MPH)
Batting: RHB Sumitomo Shimizu 0-0: Ball
1-0: Called Strike
1-1: 2-RUN HOME RUN (Flyball, 7D, EV 96.2 MPH), Distance : 364 ft
Batting: SHB Víctor Pagueros 0-0: SINGLE (Groundball, 34D, EV 93.8 MPH)
Batting: SHB Carlos Blanca 0-0: Ball
1-0: Called Strike
1-1: Ball
2-1: Foul Ball, location: 2F
2-2: Ball
3-2: Fly out, F9 (Flyball, 9LS, EV 77.5 MPH)
Batting: LHB Claudio Guzmán 0-0: Ball
1-0: Called Strike
1-1: Ball
2-1: Swinging Strike
2-2: Ball
3-2: Foul Ball, location: 2F
3-2: Strikes out swinging
Top of the 3rd over - 2 runs, 3 hits, 0 errors, 1 left on base; Minnesota 2 - Athletic Club KC Academy 1
BOTTOM OF THE 3RD
Athletic Club KC Academy batting - Pitching for Minnesota Loons : RHP Todd James
Now at 3B: Lynn Allen
Batting: RHB Levka Efremov 0-0: Swinging Strike
0-1: Ball
1-1: Foul Ball, location: 2F
1-2: Ball
2-2: Strikes out swinging
Batting: RHB Vasan Parthiban 0-0: Ball
1-0: Called Strike
1-1: Ball
2-1: SOLO HOME RUN (Line Drive, 89XD, EV 104.4 MPH), Distance : 407 ft
Batting: LHB Greg O'Day 0-0: Called Strike
0-1: Ball
1-1: Ball
2-1: Foul Ball, location: 2F
2-2: Strikes out swinging
Batting: RHB Ryan Conley 0-0: Called Strike
0-1: Foul Ball, location: 2F
0-2: Ground out 1-3 (Groundball, 13, EV 60.6 MPH)
Bottom of the 3rd over - 1 run, 1 hit, 0 errors, 0 left on base; Minnesota 2 - Athletic Club KC Academy 2
TOP OF THE 4TH
Minnesota Loons batting - Pitching for Athletic Club KC Academy : RHP Jamie Miller
Batting: RHB Jorge Pedroso 0-0: Ball
1-0: Ground out 4-3 (Groundball, 4, EV 84.4 MPH)
Batting: RHB Jason Kelly 0-0: Called Strike
0-1: Ball
1-1: Swinging Strike
1-2: Strikes out looking
Batting: LHB Steve Long 0-0: Called Strike
0-1: Ball
1-1: Foul Ball, location: 2F
1-2: Ball
2-2: Strikes out swinging
Top of the 4th over - 0 runs, 0 hits, 0 errors, 0 left on base; Minnesota 2 - Athletic Club KC Academy 2
BOTTOM OF THE 4TH
Athletic Club KC Academy batting - Pitching for Minnesota Loons : RHP Todd James
Batting: RHB Julián Morcuendez 0-0: Called Strike
0-1: Ground out 6-3 (Groundball, 6S, EV 85.0 MPH)
Batting: LHB Motoki Yamasaki 0-0: Ball
1-0: Ground out 5-3 (Groundball, 56S, EV 63.1 MPH)
Batting: RHB Alevina Ezekiela 0-0: Ball
1-0: Called Strike
1-1: Ground out U3 (Groundball, 34, EV 81.2 MPH)
Bottom of the 4th over - 0 runs, 0 hits, 0 errors, 0 left on base; Minnesota 2 - Athletic Club KC Academy 2
TOP OF THE 5TH
Minnesota Loons batting - Pitching for Athletic Club KC Academy : RHP Jamie Miller
Batting: RHB Lynn Allen 0-0: Called Strike
0-1: Ball
1-1: Ball
2-1: Ball
3-1: Called Strike
3-2: Fly out, F8 (Line Drive, 8LD, EV 93.8 MPH)
Batting: RHB Rob Ott 0-0: Called Strike
0-1: Foul Ball, location: 2F
0-2: Strikes out looking
Batting: RHB Sumitomo Shimizu 0-0: Foul Ball, location: 2F
0-1: Ball
1-1: Ball
2-1: Called Strike
2-2: Foul Ball, location: 2F
2-2: Foul Ball, location: 2F
2-2: Ball
3-2: Strikes out swinging
Top of the 5th over - 0 runs, 0 hits, 0 errors, 0 left on base; Minnesota 2 - Athletic Club KC Academy 2
BOTTOM OF THE 5TH
Athletic Club KC Academy batting - Pitching for Minnesota Loons : RHP Todd James
Batting: LHB Ángel López 0-0: Called Strike
0-1: Ball
1-1: Foul Ball, location: 2F
1-2: Fly out, F7 (Flyball, 7D, EV 95.0 MPH)
Batting: RHB Stefano Lippi 0-0: Ball
1-0: Ground out 5-3 (Groundball, 5, EV 81.9 MPH)
Batting: RHB Levka Efremov 0-0: Called Strike
0-1: DOUBLE (Line Drive, 9LM, EV 103.1 MPH)
Batting: RHB Vasan Parthiban 0-0: Foul Ball, location: 2F
0-1: DOUBLE (Flyball, 89XD, EV 101.9 MPH)
Levka Efremov scores
Batting: LHB Greg O'Day 0-0: Called Strike
0-1: Swinging Strike
0-2: Ball
1-2: Foul Ball, location: 2F
1-2: Ball
2-2: Ball
3-2: Base on Balls
Batting: RHB Ryan Conley 0-0: Ball
1-0: Called Strike
1-1: Ball
2-1: Swinging Strike
2-2: Ball
3-2: Strikes out swinging
Bottom of the 5th over - 1 run, 2 hits, 0 errors, 2 left on base; Minnesota 2 - Athletic Club KC Academy 3
TOP OF THE 6TH
Minnesota Loons batting - Pitching for Athletic Club KC Academy : RHP Jamie Miller
Pitching: RHP Tom Matthews
Batting: SHB Víctor Pagueros 0-0: DOUBLE (Flyball, 7LM, EV 100.6 MPH)
Batting: SHB Carlos Blanca 0-0: Swinging Strike
0-1: Called Strike
0-2: Ball
1-2: Ball
2-2: Ball
3-2: Foul Ball, location: 2F
3-2: Ground out 4-3 (Groundball, 34, EV 103.8 MPH)
Víctor Pagueros to third
Batting: LHB Claudio Guzmán 0-0: Called Strike
0-1: Called Strike
0-2: Strikes out swinging
Batting: RHB Jorge Pedroso 0-0: Called Strike
0-1: Ball
1-1: Ground out 6-3 (Groundball, 56, EV 82.5 MPH)
Top of the 6th over - 0 runs, 1 hit, 0 errors, 1 left on base; Minnesota 2 - Athletic Club KC Academy 3
BOTTOM OF THE 6TH
Athletic Club KC Academy batting - Pitching for Minnesota Loons : RHP Todd James
Batting: RHB Julián Morcuendez 0-0: Ground out 4-3 (Groundball, 4M, EV 83.8 MPH)
Batting: LHB Motoki Yamasaki 0-0: Called Strike
0-1: Called Strike
0-2: Ball
1-2: Strikes out swinging
Batting: RHB Alevina Ezekiela 0-0: Ball
1-0: Ball
2-0: Fly out, F6 (Line Drive, 6, EV 74.4 MPH)
Bottom of the 6th over - 0 runs, 0 hits, 0 errors, 0 left on base; Minnesota 2 - Athletic Club KC Academy 3
TOP OF THE 7TH
Minnesota Loons batting - Pitching for Athletic Club KC Academy : RHP Tom Matthews
Pitching: RHP Paul Brown
Batting: RHB Jason Kelly 0-0: Ball
1-0: Called Strike
1-1: Ball
2-1: Ball
3-1: SINGLE (Groundball, 6MD, EV 101.2 MPH)
Batting: LHB Steve Long 0-0: Sac Bunt to 23 - play at first, batter OUT! 3-4
Jason Kelly to second
Batting: RHB Lynn Allen 0-0: Called Strike
0-1: Ball
1-1: Ball
2-1: Ball
3-1: Base on Balls
Batting: RHB Rob Ott 0-0: DOUBLE (Line Drive, 9LS, EV 106.2 MPH)
Jason Kelly scores
Lynn Allen to third
Runner from 3rd tries for Home, SAFE, no throw by RF
Batting: RHB Sumitomo Shimizu 0-0: Called Strike
0-1: Swinging Strike
0-2: Ball
Wild Pitch!
Rob Ott to third
1-2: Ball
2-2: Ball
3-2: Foul Ball, location: 2F
3-2: Fly out, F9 (Line Drive, 9, EV 102.5 MPH)
Runner from 3rd tags up, SCORES, throw by RF
Batting: SHB Víctor Pagueros 0-0: Ball
1-0: SINGLE (Groundball, 4MD, EV 94.4 MPH)
Batting: SHB Carlos Blanca 0-0: Called Strike
0-1: Ball
1-1: Ball
2-1: Ball
3-1: Foul Ball, location: 2F
3-2: Foul Ball, location: 2F
3-2: Base on Balls
Víctor Pagueros to second
Batting: LHB Claudio Guzmán 0-0: Ball
1-0: Ball
2-0: Called Strike
2-1: Ball
3-1: Base on Balls
Víctor Pagueros to third
Carlos Blanca to second
Batting: RHB Jorge Pedroso 0-0: Ball
1-0: Foul Ball, location: 2F
1-1: Ball
2-1: Swinging Strike
2-2: Ground out U3 (Groundball, 3, EV 87.5 MPH)
Top of the 7th over - 3 runs, 3 hits, 0 errors, 3 left on base; Minnesota 5 - Athletic Club KC Academy 3
BOTTOM OF THE 7TH
Athletic Club KC Academy batting - Pitching for Minnesota Loons : RHP Todd James
Batting: LHB Ángel López 0-0: Ball
1-0: Called Strike
1-1: Ball
2-1: Ball
3-1: Foul Ball, location: 2F
3-2: Base on Balls
Pitching: RHP Carlos Rivas
Batting: RHB Stefano Lippi 0-0: Bunted foul
0-1: Ball
1-1: Sac Bunt to 3S - play at first, batter OUT! 3-4
Ángel López to second
Batting: RHB Levka Efremov 0-0: Called Strike
Ángel López steals 3rd base
0-1: Ball
1-1: Ball
2-1: Ball
3-1: Fly out, F4 (Flyball, 4D, EV 81.9 MPH)
Batting: RHB Vasan Parthiban 0-0: Called Strike
0-1: Foul Ball, location: 2F
0-2: Ball
1-2: Strikes out swinging
Bottom of the 7th over - 0 runs, 0 hits, 0 errors, 1 left on base; Minnesota 5 - Athletic Club KC Academy 3
TOP OF THE 8TH
Minnesota Loons batting - Pitching for Athletic Club KC Academy : RHP Paul Brown
Batting: RHB Jason Kelly 0-0: Called Strike
0-1: Ball
1-1: Ball
2-1: Ground out 1-3 (Groundball, P, EV 68.8 MPH)
Batting: LHB Steve Long 0-0: Ball
1-0: TRIPLE (Line Drive, 8LXD, EV 113.8 MPH)
Pitching: RHP Matt Blair
Batting: RHB Lynn Allen 0-0: Called Strike
0-1: Called Strike
0-2: Strikes out swinging
Batting: RHB Rob Ott 0-0: Ball
1-0: Fly out, F8 (Flyball, 8LM, EV 83.1 MPH)
Top of the 8th over - 0 runs, 1 hit, 0 errors, 1 left on base; Minnesota 5 - Athletic Club KC Academy 3
BOTTOM OF THE 8TH
Athletic Club KC Academy batting - Pitching for Minnesota Loons : RHP Carlos Rivas
Batting: LHB Greg O'Day 0-0: Swinging Strike
0-1: Foul Ball, location: 2F
0-2: Ball
1-2: Ball
2-2: SINGLE (Groundball, 25, EV 68.8 MPH) (infield hit)
Batting: RHB Ryan Conley 0-0: Ball
1-0: Foul Ball, location: 2F
1-1: Swinging Strike
1-2: Foul Ball, location: 2F
1-2: Grounds into double play, 6-4-3 (Groundball, 6M, EV 100.0 MPH)
Batting: LHB Dave Pope 0-0: Ball
1-0: Called Strike
1-1: Ground out 4-3 (Groundball, 4, EV 81.9 MPH)
Bottom of the 8th over - 0 runs, 1 hit, 0 errors, 0 left on base; Minnesota 5 - Athletic Club KC Academy 3
TOP OF THE 9TH
Minnesota Loons batting - Pitching for Athletic Club KC Academy : RHP Matt Blair
Batting: RHB Sumitomo Shimizu 0-0: Ball
1-0: Ball
2-0: Fly out, F7 (Flyball, 7D, EV 88.8 MPH)
Batting: SHB Víctor Pagueros 0-0: Ground out 6-3 (Groundball, 6, EV 87.5 MPH)
Batting: SHB Carlos Blanca 0-0: SINGLE (Groundball, 6D, EV 105.0 MPH)
Batting: LHB Claudio Guzmán 0-0: Swinging Strike
0-1: Called Strike
0-2: Strikes out looking
Top of the 9th over - 0 runs, 1 hit, 0 errors, 1 left on base; Minnesota 5 - Athletic Club KC Academy 3
BOTTOM OF THE 9TH
Athletic Club KC Academy batting - Pitching for Minnesota Loons : RHP Carlos Rivas
Now at 2B: Lynn Allen
Now at 3B: Joe Horton
Batting: LHB Motoki Yamasaki 0-0: Fly out, F9 (Flyball, 9D, EV 96.2 MPH)
Pinch Hitting: SHB Katsuya Nomura 0-0: Called Strike
0-1: Fly out, F9 (Line Drive, 9, EV 106.9 MPH)
Batting: LHB Ángel López 0-0: Ball
1-0: Foul Ball, location: 2F
1-1: Ball
2-1: Foul Ball, location: 2F
2-2: Strikes out swinging
Bottom of the 9th over - 0 runs, 0 hits, 0 errors, 0 left on base; Minnesota 5 - Athletic Club KC Academy 3
Monday, October 31st , 2022 - OOTP Baseball 22.12 Build 89